Map: Hardwire LE

Players

Strykerr

  • Race: Terran Terran
  • League: Diamond

Wanderer - Winner!

  • Race: Zerg Zerg
  • League: Diamond

VOD

Have the link to the VOD?

Description

Hey man, i was able to beat this one after watching your viper control lesson, thanks dude

Time

  • Played on: Jan. 30, 2022, 6:38 p.m.
  • Length: 19:22
Show
View Real Time Build Order
Export as new Build Order

Strykerr Terran 

Build Orders: Mech 

Get SALT Encoding   

  12  0:00  SCV  
  13  0:12  SCV  
  14  0:18  Supply Depot  
  14  0:24  SCV  
  15  0:41  Barracks  
  15  0:43  SCV  
  16  0:57  Refinery  
  16  0:59  SCV  
  17  1:11  SCV  
  18  1:23  SCV  
  19  1:30  Marine  
  20  1:35  SCV  
  20  1:37  Supply Depot  
  21  1:47  Command Center  
  21  1:48  Marine  
  22  1:59  Orbital Command  
  22  2:06  Marine  
  23  2:27  SCV, Factory  
  24  2:35  Marine  
  24  2:39  SCV, Refinery  
  25  2:52  SCV  
  25  2:53  Marine  
  27  3:04  SCV  
  28  3:10  Marine  
  29  3:16  SCV  
  30  3:28  SCV, Factory Tech Lab  
  32  3:38  Barracks Reactor  
  32  3:40  SCV  
  32  3:42  Command Center  
  32  3:46  Orbital Command  
  32  3:49  Siege Tank  
  32  3:52  SCV  
  36  4:04  Starport, SCV  
  36  4:08  Refinery  
  37  4:14  Factory  
  37  4:15  SCV  
  37  4:16  SCV  
  39  4:22  Bunker  
  39  4:24  Siege Tank  
  42  4:43  Liberator  
  45  4:50  Marine  
  45  4:52  Refinery  
  46  4:53  Marine  
  46  4:55  Supply Depot, Orbital Command  
  46  4:58  Cyclone  
  50  5:08  Marine, SCV  
  50  5:09  SCV  
  50  5:11  Marine  
  53  5:20  SCV  
  53  5:21  SCV  
  52  5:25  Marine  
  52  5:30  Starport Tech Lab  
  52  5:31  Fusion Core  
  52  5:33  SCV x2  
  50  5:38  Siege Tank  
  50  5:42  Supply Depot  
  53  5:45  SCV x2  
  54  5:57  SCV x2  
  54  5:58  SCV  
  57  6:06  Starport  
  57  6:07  Supply Depot  
  57  6:08  Hellion x2  
  57  6:09  SCV x2  
  57  6:10  SCV, Cyclone  
  67  6:21  SCV  
  67  6:25  Supply Depot  
  68  6:29  Hellion  
  68  6:30  Hellion  
  68  6:32  Supply Depot  
  72  6:34  Battlecruiser  
  72  6:39  Orbital Command  
  78  6:44  Starport Tech Lab  
  78  6:51  Hellion x2  
  78  6:54  Mag-Field Accelerator  
  82  7:03  Cyclone  
  85  7:10  SCV x3  
  85  7:11  Refinery  
  88  7:20  Refinery  
  88  7:22  SCV x2  
  89  7:27  Command Center  
  87  7:31  Battlecruiser  
  87  7:36  Cyclone  
  96  7:37  SCV x3  
  96  7:41  Supply Depot  
  96  7:43  Factory  
  99  7:49  Engineering Bay, SCV x2  
  101  7:58  Engineering Bay  
  101  7:59  Armory  
  101  8:02  SCV x3  
  104  8:06  Supply Depot  
  104  8:07  Supply Depot  
  104  8:08  Supply Depot, Cyclone  
  107  8:14  SCV x2  
  107  8:17  Supply Depot  
  109  8:28  SCV x2  
  111  8:35  Supply Depot  
  92  9:34  Orbital Command  
  89  9:43  Siege Tank  
  89  9:44  Hellion x2  
  86  9:54  Planetary Fortress  
  86  10:05  Refinery  
  86  10:06  Hellion  
  86  10:07  Hellion  
  82  10:13  Factory Tech Lab  
  82  10:15  Refinery, Battlecruiser x2, Siege Tank  
  82  10:16  Terran Vehicle Weapons Level 1  
  82  10:18  Neosteel Armor  
  97  10:25  Bunker  
  97  10:27  SCV  
  97  10:28  Hellion x2, SCV x2  
  104  10:34  Siege Tank, Factory x2  
  107  10:40  SCV x3  
  110  10:48  Siege Tank  
  113  10:52  Missile Turret, SCV x3  
  116  11:04  SCV x3  
  117  11:06  Siege Tank  
  122  11:20  Siege Tank  
  104  11:39  Siege Tank  
  104  11:42  Battlecruiser x2  
  104  11:45  SCV  
  117  11:51  SCV  
  117  11:52  SCV x2, Siege Tank  
  123  11:57  SCV  
  112  12:02  Refinery  
  112  12:03  SCV  
  112  12:04  SCV x2  
  115  12:09  SCV, Factory Tech Lab  
  115  12:10  Factory Tech Lab  
  115  12:11  Siege Tank  
  115  12:13  Refinery  
  119  12:16  SCV x3  
  119  12:22  SCV  
  123  12:24  Siege Tank  
  123  12:28  SCV x3  
  129  12:34  SCV  
  130  12:40  SCV  
  130  12:41  Infernal Pre-Igniter  
  130  12:43  Smart Servos, Siege Tank  
  134  12:44  Siege Tank x2  
  134  12:45  Hellion x2  
  144  12:51  Command Center  
  144  12:52  Command Center  
  144  12:56  Siege Tank  
  144  12:57  SCV  
  144  12:58  SCV x2  
  150  13:07  Hellion x2  
  150  13:09  SCV  
  150  13:10  SCV x2  
  157  13:15  Siege Tank  
  157  13:16  Siege Tank  
  163  13:21  Supply Depot, SCV  
  163  13:22  Hellion, SCV x2  
  168  13:28  Hellion x2  
  168  13:33  Supply Depot  
  172  13:35  Supply Depot  
  172  13:37  Supply Depot  
  172  13:43  SCV x2, Battlecruiser  
  180  13:53  Siege Tank  
  180  13:54  Cyclone  
  180  13:55  Hellion x2, SCV, Cyclone x2  
  179  14:08  Command Center  
  179  14:17  Orbital Command, Hellion x2  
  172  14:25  Thor, Siege Tank  
  172  14:27  Hellion x2  
  172  14:29  Refinery x2  
  163  14:35  Planetary Fortress  
  163  14:38  Hellion x2  
  154  14:48  Hellion  
  154  14:49  Hellion  
  158  14:58  Cyclone  
  149  15:09  Cyclone  
  149  15:10  Siege Tank x2  
  152  15:29  Hellion  
  152  15:30  Siege Tank  
  151  15:41  Siege Tank  
  151  15:42  Siege Tank x2  
  160  15:44  Refinery  
  151  16:02  Cyclone  
  123  16:13  Cyclone  
  123  16:14  Cyclone x2  
  123  16:17  Orbital Command  
  132  16:19  Hellion x2  
  136  16:28  Command Center x2  
  136  16:34  Terran Vehicle Weapons Level 2, Cyclone  
  136  16:37  Command Center  
  139  16:40  Hellion  
  139  16:41  Hellion  
  139  16:43  Supply Depot  
  139  16:44  Supply Depot  
  139  16:45  Cyclone  
  139  16:46  Cyclone, Siege Tank  
  152  16:52  Raven  
  154  17:02  Hellion x2  
  154  17:03  Refinery  
  154  17:06  Siege Tank  
  154  17:08  Missile Turret  
  161  17:09  Missile Turret  
  161  17:13  Missile Turret  
  159  17:17  Siege Tank  
  159  17:18  Siege Tank x2  
  111  17:38  Siege Tank  
  111  17:41  Refinery x2  
  101  17:47  Hellion  
  101  17:48  Hellion  
  101  17:49  Siege Tank  
  101  17:50  Cyclone, Siege Tank  
  94  18:08  Hellion  
  94  18:09  Hellion  
  94  18:10  Siege Tank  
  79  18:21  Siege Tank  
  79  18:22  Siege Tank x2  
  86  18:42  Siege Tank  
  84  18:52  Hellion x2  
Show
View Real Time Build Order
Export as new Build Order

Wanderer Zerg - Winner!

Build Orders: Hatch First 

Get SALT Encoding   

  12  0:00  Drone  
  13  0:13  Overlord  
  13  0:18  Drone  
  14  0:32  Drone x2  
  16  0:50  Hatchery  
  16  0:54  Drone  
  16  0:56  Drone  
  17  1:01  Drone  
  18  1:10  Extractor  
  17  1:18  Drone  
  18  1:20  Spawning Pool  
  18  1:22  Drone  
  18  1:29  Drone  
  19  1:41  Drone  
  20  2:07  Queen x2  
  20  2:08  Zergling x4  
  26  2:10  Drone  
  27  2:22  Hatchery  
  26  2:23  Overlord  
  26  2:31  Drone x2  
  28  2:43  Queen  
  30  2:49  Overlord  
  30  2:50  Drone x3  
  33  3:04  Drone x3  
  36  3:12  Drone x2  
  38  3:14  Metabolic Boost  
  38  3:24  Overlord x2  
  38  3:25  Drone x3  
  41  3:41  Queen  
  41  3:44  Drone x2, Overlord  
  41  3:46  Drone x3  
  46  3:54  Overlord  
  46  3:57  Queen  
  48  4:03  Overlord  
  48  4:07  Overlord  
  48  4:08  Drone  
  48  4:09  Drone x4, Roach Warren  
  52  4:15  Extractor  
  51  4:18  Lair  
  51  4:29  Overlord  
  51  4:32  Zergling x2  
  51  4:33  Zergling x18  
  61  4:47  Extractor  
  61  4:48  Overlord, Extractor  
  61  4:49  Roach  
  61  4:50  Roach x3  
  67  4:58  Roach x2  
  67  4:59  Drone, Roach  
  74  5:05  Evolution Chamber  
  74  5:06  Evolution Chamber, Drone x3  
  67  5:17  Drone x3  
  67  5:20  Roach x2  
  72  5:25  Drone  
  72  5:26  Drone x3  
  76  5:40  Baneling Nest  
  76  5:41  Queen  
  77  5:47  Overlord x2, Hatchery  
  77  5:48  Overlord  
  76  5:57  Queen  
  76  6:02  Drone, Overlord x2  
  76  6:03  Drone x6  
  85  6:13  Zerg Melee Weapons Level 1  
  85  6:14  Drone x6  
  90  6:23  Drone x4  
  91  6:30  Spore Crawler  
  90  6:35  Overlord x2  
  90  6:36  Zergling x4  
  90  6:38  Centrifugal Hooks  
  92  6:53  Overlord  
  92  6:54  Overlord x2  
  92  6:59  Zerg Ground Armor Level 1  
  92  7:00  Hatchery  
  92  7:01  Queen  
  91  7:02  Zergling x6  
  96  7:15  Spore Crawler  
  96  7:16  Extractor  
  96  7:17  Extractor  
  96  7:18  Spore Crawler  
  90  7:30  Zergling x2  
  90  7:31  Zergling x34  
  90  7:34  Overseer  
  108  7:38  Pneumatized Carapace  
  108  7:51  Overlord x2  
  108  7:55  Overseer  
  108  7:58  Hatchery  
  107  8:00  Overlord x2  
  107  8:01  Zergling x2  
  107  8:02  Zergling x14  
  107  8:03  Overseer  
  115  8:11  Hydralisk Den  
  114  8:13  Drone x5  
  114  8:14  Drone  
  120  8:25  Roach  
  120  8:26  Roach  
  124  8:33  Queen x4  
  132  8:44  Drone x4  
  132  8:45  Drone  
  132  8:46  Drone x5  
  138  8:56  Drone x9  
  138  8:57  Drone  
  148  9:05  Spore Crawler  
  145  9:15  Drone x15  
  157  9:18  Extractor  
  157  9:19  Spore Crawler x2, Extractor  
  141  9:36  Drone x8  
  141  9:37  Drone x2  
  134  9:39  Hydralisk x5  
  131  9:57  Overlord x3  
  131  9:58  Hydralisk  
  132  10:02  Infestation Pit  
  132  10:05  Queen x4  
  138  10:12  Overlord x2  
  138  10:14  Zerg Missile Weapons Level 1  
  138  10:32  Hydralisk x9  
  156  10:37  Ravager x8  
  156  10:38  Ravager  
  165  10:47  Spore Crawler, Hive  
  164  11:05  Hydralisk x8  
  164  11:11  Hatchery  
  169  11:24  Drone x13  
  169  11:25  Drone x7  
  173  11:27  Hydralisk  
  173  11:28  Hydralisk  
  173  11:30  Drone x2  
  162  11:36  Overseer  
  159  11:43  Grooved Spines  
  155  11:55  Hydralisk  
  155  11:56  Hydralisk x6  
  159  12:05  Hydralisk x10  
  177  12:34  Drone x14  
  189  12:39  Spine Crawler x2  
  189  12:43  Viper x4  
  199  12:59  Lurker Den  
  199  13:00  Extractor  
  199  13:01  Spore Crawler, Extractor  
  199  13:03  Spore Crawler  
  194  13:17  Spore Crawler  
  194  13:18  Spore Crawler  
  192  13:21  Zerg Missile Weapons Level 2, Zerg Ground Armor Level 2  
  192  13:22  Hydralisk x2  
  192  13:23  Hydralisk  
  198  13:36  Glial Reconstitution  
  198  13:38  Queen, Hatchery  
  198  13:40  Extractor  
  198  13:41  Extractor  
  174  13:59  Hydralisk x9  
  174  14:00  Hydralisk x2  
  196  14:10  Adaptive Talons  
  196  14:13  Drone x4  
  192  14:30  Hydralisk x7  
  165  15:15  Hydralisk x10  
  165  15:16  Hydralisk x5  
  186  15:29  Hydralisk x3  
  186  15:31  Roach  
  176  15:42  Drone x16  
  185  15:43  Drone x4  
  169  16:21  Spine Crawler  
  169  16:24  Spine Crawler  
  167  16:28  Zerg Missile Weapons Level 3  
  167  16:29  Zerg Ground Armor Level 3  
  167  16:30  Zergling x12  
  167  16:31  Zergling x28  
  187  16:34  Extractor  
  186  17:01  Hatchery  
  183  17:06  Hydralisk x8  
  174  17:32  Hydralisk  
  174  17:33  Hydralisk x13  
  180  17:51  Hydralisk  
  180  17:52  Hydralisk x9  
  180  18:07  Hydralisk x5  
  180  18:11  Hydralisk  
  178  18:25  Hydralisk  
  178  18:26  Hydralisk x4  
  180  18:43  Hydralisk  
  180  18:44  Hydralisk x6  
  180  18:45  Extractor  
Tags
 
Composition
Mech
Matchup
TvZ
Add a new tag
Caveats
  • Supply blocks, unpowered buildings, or Contaminate may cause inaccurate times.
  • Supply counts are checked every 10 seconds.